Map: 死亡光环-天梯版

Players

TIME (Oliveira) - Winner!

  • Race: Terran Terran
  • League: Master
  • Spawn Location: 5:00

iGMacSed (MacSed)

  • Race: Protoss Protoss
  • League: Master
  • Spawn Location: 11:00

Event: DreamHack SC2 Masters 2020 Fall

VOD

Have the link to the VOD?

Description

Time

  • Played on: Sept. 5, 2020, 10:13 a.m.
  • Length: 12:57

All games in this series

Show
View Real Time Build Order
Export as new Build Order

TIME Terran - Winner!

Build Orders:  

Get SALT Encoding   

  12  0:00  SCV  
  13  0:12  SCV  
  14  0:17  Supply Depot  
  14  0:24  SCV  
  15  0:39  SCV  
  15  0:40  Barracks  
  16  0:43  Refinery  
  16  0:51  SCV  
  17  1:03  SCV  
  18  1:15  SCV  
  19  1:27  Marine  
  19  1:28  Orbital Command  
  20  1:43  Command Center  
  20  1:52  Factory  
  20  1:55  SCV  
  21  2:03  Barracks Reactor  
  21  2:07  SCV  
  22  2:09  Supply Depot  
  22  2:14  Refinery  
  22  2:19  SCV  
  23  2:31  SCV  
  23  2:36  Hellion  
  26  2:40  Starport, Marine x2  
  26  2:43  SCV  
  29  2:56  Orbital Command  
  29  2:57  SCV  
  30  2:58  Marine  
  30  2:59  Marine  
  30  3:01  Widow Mine  
  34  3:12  SCV  
  35  3:16  Medivac  
  35  3:18  Marine  
  35  3:19  Marine  
  39  3:20  Supply Depot  
  39  3:22  SCV  
  39  3:25  Factory Tech Lab  
  40  3:31  SCV  
  41  3:36  Bunker  
  41  3:37  Marine x2  
  41  3:39  SCV  
  44  3:44  Siege Tank  
  44  3:46  SCV  
  48  3:50  Supply Depot  
  48  3:52  SCV  
  49  3:57  Starport Tech Lab, Barracks  
  49  3:58  Marine  
  49  4:00  Marine  
  49  4:02  SCV  
  52  4:05  SCV  
  53  4:13  Supply Depot  
  53  4:16  SCV  
  51  4:17  Siege Tank  
  51  4:19  Marine x2  
  51  4:21  SCV  
  57  4:28  Barracks  
  57  4:36  Supply Depot  
  57  4:38  SCV x2  
  59  4:42  Engineering Bay, Marine  
  59  4:43  Marine  
  59  4:44  Refinery  
  61  4:49  Supply Depot  
  61  4:50  SCV x2  
  63  4:53  Stimpack  
  63  4:57  Siege Tank  
  66  5:00  Supply Depot  
  66  5:02  SCV  
  66  5:03  Marine  
  68  5:07  Starport Reactor  
  68  5:08  Terran Infantry Weapons Level 1  
  68  5:09  SCV  
  68  5:12  Marine  
  70  5:14  SCV  
  70  5:15  Marauder  
  70  5:17  Barracks Tech Lab  
  73  5:24  Refinery  
  73  5:25  SCV, Missile Turret  
  74  5:30  Marine  
  74  5:33  SCV  
  79  5:36  Marine  
  79  5:37  Combat Shield, Marauder  
  79  5:38  Marauder  
  79  5:54  Medivac  
  79  5:55  SCV  
  79  5:56  SCV  
  83  5:58  Marauder  
  87  6:04  Marauder, Marine x2  
  87  6:08  Medivac, Command Center  
  91  6:11  SCV  
  91  6:14  SCV  
  93  6:21  Supply Depot  
  93  6:26  Marine  
  94  6:38  Supply Depot  
  94  6:39  Supply Depot  
  94  6:43  SCV, Marauder x2, Siege Tank  
  102  6:48  Concussive Shells  
  102  6:53  Marine  
  102  6:54  SCV  
  102  6:55  Viking, Marine  
  102  6:57  Viking  
  102  6:58  SCV  
  98  7:03  Terran Infantry Armor Level 1  
  98  7:04  Marine  
  98  7:06  SCV  
  97  7:10  SCV  
  97  7:12  Marine  
  97  7:13  Marauder, Barracks  
  97  7:15  Barracks  
  101  7:16  Marine  
  101  7:17  Siege Tank  
  101  7:20  Orbital Command  
  105  7:23  SCV  
  105  7:24  SCV  
  105  7:25  Marauder  
  105  7:26  Viking  
  105  7:29  Viking  
  113  7:30  Marine  
  113  7:35  SCV  
  113  7:36  Marauder  
  117  7:38  Marine  
  118  7:44  SCV  
  118  7:45  SCV  
  118  7:48  SCV, Marauder  
  118  7:49  Armory, Supply Depot  
  123  7:56  Engineering Bay, Siege Tank  
  123  7:57  SCV  
  126  8:00  Marauder  
  126  8:01  Barracks Reactor  
  126  8:04  Viking  
  126  8:05  SCV x2  
  132  8:06  Refinery  
  132  8:07  Refinery  
  132  8:10  SCV, Supply Depot  
  132  8:11  Supply Depot  
  135  8:13  Marauder, Barracks Tech Lab  
  135  8:17  SCV  
  135  8:19  SCV  
  136  8:25  Viking, Command Center  
  138  8:33  SCV x2  
  138  8:34  Sensor Tower  
  140  8:35  SCV  
  140  8:37  Siege Tank  
  140  8:38  Marauder  
  140  8:39  Marauder  
  148  8:45  SCV  
  148  8:47  SCV x2  
  151  8:51  Terran Infantry Weapons Level 2  
  151  8:52  Supply Depot  
  151  8:53  Marine  
  151  8:55  Marauder, Ghost Academy  
  154  9:02  SCV x2  
  155  9:05  Missile Turret  
  155  9:07  Missile Turret  
  154  9:10  SCV  
  154  9:12  Marine x2  
  154  9:13  Marauder  
  154  9:14  Siege Tank  
  159  9:18  SCV, Marine x2  
  162  9:24  Sensor Tower  
  162  9:28  SCV  
  163  9:31  Terran Infantry Armor Level 2  
  163  9:33  SCV x2  
  163  9:37  Ghost  
  165  9:41  Ghost x2  
  165  9:44  Supply Depot, Marine x2  
  170  9:50  Planetary Fortress  
  166  9:56  SCV  
  165  10:02  SCV x2  
  165  10:04  Marine x4  
  174  10:07  Medivac  
  174  10:08  SCV  
  174  10:11  Marauder  
  174  10:12  Marauder x2  
  174  10:13  Supply Depot  
  183  10:20  Medivac  
  185  10:23  Supply Depot, Refinery  
  185  10:24  Refinery, Marine x2  
  185  10:27  Marine x2  
  186  10:32  Marauder  
  188  10:39  Command Center  
  188  10:40  Factory Tech Lab  
  188  10:45  Marine x2  
  188  10:46  Marauder, Marine  
  188  10:47  Liberator  
  196  10:50  SCV  
  196  10:51  Command Center  
  196  10:55  Medivac  
  199  11:06  Barracks x3  
  173  11:15  Marauder, Marine x2  
  143  11:27  Marine x2  
  143  11:28  Marauder, Marine, Siege Tank  
  143  11:29  Medivac  
  150  11:34  SCV x2  
  150  11:35  SCV  
  150  11:36  Enhanced Shockwaves  
  150  11:37  Marauder  
  155  11:42  Medivac  
  155  11:43  SCV  
  155  11:45  Ghost  
  155  11:46  SCV  
  161  11:48  Ghost  
  159  11:56  Barracks Reactor, Barracks Tech Lab  
  159  11:58  Marine  
  158  12:04  Barracks Tech Lab  
  158  12:08  Marine x3  
  157  12:09  Marauder, Siege Tank  
  157  12:10  Medivac  
  157  12:14  Marauder  
  166  12:18  Marine x2  
  166  12:19  Marauder  
  169  12:23  SCV x2  
  161  12:31  Marine  
  160  12:43  SCV x2  
Show
View Real Time Build Order
Export as new Build Order

iGMacSed Protoss 

Build Orders: 1 Gate Expand, Colossus Rush 

Get SALT Encoding   

  12  0:00  Probe  
  13  0:12  Probe  
  14  0:17  Pylon  
  14  0:24  Probe (Chrono Boost)  
  15  0:36  Probe (Chrono Boost), Gateway  
  16  0:44  Probe (Chrono Boost)  
  16  0:45  Assimilator  
  17  0:51  Probe  
  18  1:03  Probe  
  19  1:15  Probe  
  20  1:23  Cybernetics Core  
  20  1:31  Nexus  
  20  1:34  Probe  
  21  1:41  Pylon  
  21  1:47  Probe  
  22  1:49  Assimilator  
  22  1:59  Probe  
  22  2:00  Warp Gate  
  23  2:02  Stalker (Chrono Boost)  
  25  2:11  Probe  
  26  2:22  Stalker (Chrono Boost)  
  26  2:23  Probe  
  29  2:35  Probe  
  30  2:41  Gateway  
  30  2:43  Gateway  
  30  2:45  Probe  
  30  2:48  Probe  
  32  2:53  Stalker  
  32  2:58  Probe  
  35  3:03  Probe  
  36  3:09  Pylon  
  36  3:12  Probe (Chrono Boost)  
  37  3:15  Probe (Chrono Boost)  
  38  3:23  Probe (Chrono Boost)  
  38  3:25  Probe (Chrono Boost)  
  40  3:28  Probe (Chrono Boost)  
  40  3:30  Probe (Chrono Boost)  
  42  3:38  Probe  
  42  3:40  Pylon  
  43  3:42  Probe  
  43  3:48  Stalker x3  
  50  3:50  Probe  
  50  3:52  Robotics Facility  
  50  3:54  Probe  
  52  4:02  Probe, Pylon  
  52  4:15  Stalker x3  
  57  4:17  Probe x2  
  57  4:18  Assimilator  
  57  4:21  Assimilator  
  58  4:25  Shield Battery  
  58  4:29  Probe x2  
  60  4:39  Stalker x3  
  60  4:41  Probe  
  60  4:43  Probe, Observer (Chrono Boost)  
  69  4:54  Probe  
  70  5:03  Robotics Bay  
  70  5:05  Forge  
  70  5:08  Pylon x2  
  70  5:12  Nexus  
  70  5:20  Pylon  
  70  5:26  Probe, Observer (Chrono Boost)  
  72  5:28  Probe  
  73  5:37  Protoss Ground Weapons Level 1  
  73  5:38  Probe  
  73  5:40  Twilight Council, Probe  
  75  5:46  Observer  
  75  5:49  Gateway  
  75  5:51  Gateway, Colossus (Chrono Boost)  
  75  5:52  Gateway  
  81  6:01  Extended Thermal Lance (Chrono Boost)  
  81  6:02  Shield Battery, Sentry  
  83  6:13  Probe  
  83  6:16  Charge (Chrono Boost)  
  84  6:22  Gateway  
  84  6:23  Probe  
  84  6:24  Probe  
  84  6:25  Probe, Gateway  
  87  6:27  Zealot  
  89  6:33  Pylon  
  89  6:35  Probe  
  89  6:36  Colossus (Chrono Boost)  
  96  6:46  Zealot x2  
  98  6:47  Sentry  
  98  6:51  Sentry  
  90  7:04  Stalker x2  
  90  7:07  Zealot x2  
  88  7:09  Probe x2  
  88  7:12  Dark Shrine  
  90  7:17  Probe, Photon Cannon  
  90  7:18  Zealot x2  
  90  7:22  Colossus (Chrono Boost)  
  95  7:29  Probe  
  102  7:33  Protoss Ground Armor Level 1 (Chrono Boost)  
  102  7:39  Zealot x3  
  104  7:49  Pylon  
  104  7:50  Pylon  
  104  7:51  Pylon  
  104  7:53  Probe  
  104  7:57  Probe  
  106  8:03  Warp Prism (Chrono Boost)  
  108  8:08  Pylon  
  108  8:09  Pylon  
  106  8:17  Probe  
  106  8:18  Zealot x5, Nexus  
  106  8:19  Zealot x2  
  121  8:23  Pylon  
  121  8:27  Dark Templar  
  121  8:32  Probe x3  
  126  8:39  Dark Templar  
  126  8:40  Dark Templar  
  130  8:44  Dark Templar x3  
  130  8:45  Zealot  
  130  8:47  Zealot  
  140  8:59  Blink  
  140  9:00  Probe x2  
  126  9:20  Immortal (Chrono Boost)  
  128  9:25  Probe x2  
  128  9:26  Dark Templar  
  128  9:27  Zealot x7  
  128  9:28  Protoss Ground Weapons Level 2 (Chrono Boost)  
  146  9:34  Forge  
  146  9:36  Probe x2  
  148  9:40  Gateway  
  148  9:41  Archon x2, Gateway  
  148  9:48  Zealot  
  148  9:50  Immortal (Chrono Boost)  
  152  9:55  Probe  
  143  10:01  Probe  
  143  10:04  Dark Templar  
  143  10:05  Zealot x6  
  156  10:16  Protoss Ground Armor Level 2 (Chrono Boost)  
  156  10:20  Stalker  
  158  10:23  Pylon, Nexus  
  158  10:25  Disruptor (Chrono Boost)  
  161  10:31  Stalker  
  161  10:32  Zealot x4  
  171  10:41  Pylon  
  171  10:42  Dark Templar  
  171  10:51  Assimilator  
  171  10:52  Stalker x2  
  171  10:54  Zealot x2  
  179  10:57  Shield Battery  
  179  10:59  Shield Battery  
  179  11:00  Shield Battery  
  179  11:03  Pylon  
  179  11:05  Pylon  
  179  11:09  Stalker x2, Zealot x2  
  179  11:10  Zealot  
  101  11:18  Stalker x2  
  101  11:19  Zealot x3  
  97  11:32  Stalker x3, Zealot x2  
  95  11:39  Colossus (Chrono Boost)  
  95  11:44  Zealot x5  
  95  11:45  Probe  
  95  11:46  Probe x3  
  115  11:47  Probe  
  108  11:55  Stalker x3  
  108  11:57  Zealot x2  
  112  12:07  Zealot x5  
  108  12:18  Zealot x3  
  108  12:19  Zealot x2  
  89  12:30  Stalker x5  
  87  12:39  Zealot x3  
  87  12:40  Zealot x2  

Tags
 
Add a new tag
Caveats
  • Supply blocks, unpowered buildings, or Contaminate may cause inaccurate times.
  • Supply counts are checked every 10 seconds.